 Dungeon Crawl Stone Soup version 0.27.0-66-gdc8fb28755 (webtiles) character file.

Game seed: 7349393620567570538

1240 robertstho the Covered (level 8, -3/74 HPs)
             Began as a Deep Dwarf Fighter on Aug 20, 2021.
             Was an Initiate of Makhleb.
             Slain by a troll (7 damage)
             ... on level 6 of the Dungeon.
             The game lasted 00:05:51 (2630 turns).

robertstho the Covered (Deep Dwarf Fighter)         Turns: 2630, Time: 00:05:52

Health: -3/74      AC: 10    Str: 22    XL:     8   Next: 25%
Magic:  6/6        EV:  6    Int:  9    God:    Makhleb [......]
Gold:   254        SH: 11    Dex: 12    Spells: 7/7 levels left

rFire    . . .     SeeInvis .   a - +1 war axe
rCold    . . .     Faith    .   c - +1 kite shield
rNeg     . . .     Spirit   .   m - +0 chain mail
rPois    .         Reflect  .   (no helmet)
rElec    .         Harm     .   (no cloak)
rCorr    .         Rampage  .   (no gloves)
Will     +....                  (no boots)
Stlth    ..........             g - amulet of magic regeneration
HPRegen  0.00/turn              (no ring)
MPRegen  0.35/turn              (no ring)

@: studying Invocations
A: damage resistance, heal wounds, sense surroundings 1, no regeneration
a: Heal Wounds, Renounce Religion


You were on level 6 of the Dungeon.
You worshipped Makhleb.
Makhleb was noncommittal.
You visited 2 branches of the dungeon, and saw 7 of its levels.

You collected 254 gold pieces.

Inventory:

Hand Weapons
 a - a +1 war axe (weapon)
Armour
 c - a +1 kite shield (worn)
 m - a +0 chain mail (worn)
Jewellery
 g - an amulet of magic regeneration (around neck)
Scrolls
 e - 2 scrolls of teleportation
 h - a scroll of summoning
 i - a scroll of torment
 k - a scroll of fear {unknown}
 l - a scroll of identify
 n - a scroll of immolation
Potions
 b - 2 potions of curing {unknown}
 d - a potion of attraction {unknown}
 f - 2 potions of cancellation {unknown}
 j - a potion of berserk rage {unknown}


   Skills:
 * Level 5.0 Fighting
 + Level 5.8 Axes
 * Level 6.8 Armour
 + Level 1.9 Dodging
 + Level 0.1 Stealth
 + Level 5.1 Shields
 * Level 3.9 Invocations


You had 7 spell levels left.
You didn't know any spells.
Your spell library was empty.

Dungeon Overview and Level Annotations

Branches:
Dungeon (6/15)             Temple (1/1) D:4

Altars:
Ashenzari
Dithmenos
Elyvilon
Fedhas
Hepliaklqana
Kikubaaqudgha
Makhleb
Okawaru
Ru
Sif Muna
Trog
Uskayaw
Vehumet
Xom
Yredelemnul
Zin

Annotations:
D:3 2 transporters, robertstho's ghost, amateur MiHu


Innate Abilities, Weirdness & Mutations

You are resistant to damage.
You can heal yourself by infusing magical energy.
You passively map a small area around you.
You do not regenerate.


Message History

The troll claws you but does no damage. x2
You feel much better. You block the troll's attack. The troll claws you!
The troll claws you.
You hit the troll.
The troll is almost dead.
The troll bites you but does no damage. The troll claws you.
You block the troll's attack.
You slash the troll!
You kill the troll!
Makhleb accepts your kill.
The shadow slips into darkness.
The shadow flickers and vanishes!
Deactivating autopickup; reactivate with Ctrl-A.
Your Fighting skill increases to level 5!
Your Shields skill increases to level 5!
A troll comes into view.
The troll shouts!
The shadow strikes at you from the darkness!
Reactivating autopickup.
Found 24 stones.
You slash the shadow!
The shadow is heavily damaged.
The shadow slips into darkness.
The shadow flickers and vanishes!
Deactivating autopickup; reactivate with Ctrl-A.
You hit something.
The shadow strikes at you from the darkness!
* * * LOW HITPOINT WARNING * * *
Reactivating autopickup.
You block the shadow's attack.
Your shield and chain mail prevent you from hitting the shadow.
The shadow is severely damaged.
You barely miss the troll. The shadow hits you.
* * * LOW HITPOINT WARNING * * *
The troll completely misses you. You block the troll's attack. x2
You closely miss the shadow.
The shadow is severely damaged.
You completely miss the troll. You block the shadow's attack.
The troll bites you!
You die...

, * *, , ##. , , *
#)#8.# ,,,
##+##(##'##
#####8..#!+...#
###+##...'†..#(#..8#
≈
#........##'##$##'#
*,
#.........#.8#(#8.#
*
,#.........#..###T.#
#.........##..'@W#*
≈
##..........#######
, .............. , ≈
.......##+#####,
.......# , ,
.......+ , ##.....#
, , ,#....(# * * , *
* , #.....# , *, ,


You could see a troll and a shadow.

Vanquished Creatures
  A troll (D:6)
  Sigmund (D:2)
  A sky beast (D:6)
  An ogre (D:4)
  A water moccasin skeleton (D:2)
  A centaur zombie (D:3)
  3 hounds
  3 iguanas
  Robin (D:2)
  A howler monkey zombie (D:6)
  10 adders
  4 gnolls (D:2)
  A shadow imp (D:5)
  5 worms
  2 dart slugs
  7 orcs
  6 endoplasms
  4 giant cockroaches
  18 goblins
  17 hobgoblins
  6 jackals (D:4)
  3 quokkas
  6 ball pythons
  3 bats
  2 frilled lizards (D:3)
  4 kobolds
  5 rats
117 creatures vanquished.

Vanquished Creatures (collateral kills)
  Grinder (D:3)
1 creature vanquished.

Grand Total: 118 creatures vanquished

Notes
Turn   | Place    | Note
-------+----------+-------------------------------------------
     0 | D:1      | robertstho the Deep Dwarf Fighter began the quest for the
                  | Orb.
     0 | D:1      | Reached XP level 1. HP: 20/20 MP: 1/1
    96 | D:1      | Found a faded altar of an unknown god.
   178 | D:1      | Reached XP level 2. HP: 17/27 MP: 2/2
   425 | D:2      | Noticed Sigmund
   440 | D:2      | Killed Sigmund
   441 | D:2      | Reached skill level 4 in Armour
   441 | D:2      | Reached XP level 3. HP: 20/34 MP: 3/3
   441 | D:2      | Reached XP level 4. HP: 26/43 MP: 4/4
   441 | D:2      | Reached XP level 5. HP: 30/49 MP: 5/5
   518 | D:2      | Reached skill level 5 in Armour
   518 | D:2      | Reached skill level 1 in Dodging
   518 | D:2      | Reached XP level 6. HP: 29/57 MP: 6/6
   582 | D:2      | Found a shimmering blue altar of Sif Muna.
   593 | D:2      | Noticed Robin
   604 | D:2      | Killed Robin
   928 | D:3      | Noticed Grinder
   966 | D:3      | Killed Grinder
   967 | D:3      | Reached XP level 7. HP: 40/64 MP: 6/6
  1174 | D:3      | Found a transporter.
  1180 | D:3      | Noticed robertstho's ghost (amateur MiHu)
  1181 | D:3      | Identified the +4 great mace "Woleig" {venom, rElec rF-
                  | Dex+6 SInv}
  1182 | D:3      | Found a transporter.
  1222 | D:3      | Found a shadowy altar of Dithmenos.
  1222 | D:3      | Found a shimmering blue altar of Sif Muna.
  1353 | D:4      | Reached skill level 5 in Axes
  1638 | D:4      | Found a staircase to the Ecumenical Temple.
  1645 | D:4      | Reached skill level 6 in Armour
  1650 | Temple   | Entered the Ecumenical Temple
  1790 | Temple   | Became a worshipper of Makhleb the Destroyer
  2068 | D:5      | Entered Level 5 of the Dungeon
  2165 | D:5      | Found a blossoming altar of Fedhas.
  2165 | D:5      | Found a basalt altar of Yredelemnul.
  2166 | D:5      | Found a glowing silver altar of Zin.
  2166 | D:5      | Found a shimmering altar of Xom.
  2167 | D:5      | Found a hide-covered altar of Uskayaw.
  2167 | D:5      | Found a hazy altar of Hepliaklqana.
  2168 | D:5      | Found a radiant altar of Vehumet.
  2587 | D:6      | Reached XP level 8. HP: 44/73 MP: 4/6
  2600 | D:6      | Noticed a troll
  2625 | D:6      | Killed a troll
  2626 | D:6      | Reached skill level 5 in Fighting
  2626 | D:6      | Reached skill level 5 in Shields
  2626 | D:6      | Noticed a troll
  2630 | D:6      | Slain by a troll

Illustrated notes

Levels and vault maps discovered:
D:1:      dpeg_arrival_rhombi, layout_rooms,
          hellmonk_ecumenical_altar_arch_garden, minmay_pentomino_p2
D:2:      layout_rooms, basic_altar, uniq_sigmund, uniq_robin
D:3:      layout_basic, gammafunk_temple_overflow_wave, gammafunk_ghost_smash,
          bh_walls_and_bars, uniq_grinder
D:4:      layout_rooms, minmay_temple_entry_wispy
D:5:      layout_rooms, grunt_temple_overflow_open
D:6:      minmay_chambers_of_sixes, layout_gridville, serial_bayou_pond_c,
          kennysheep_cross_room, minmay_holes
Temple:   nicolae_temple_figure_eight

Skill      XL: |  1  2  3  4  5  6  7  8 |
---------------+-------------------------+-----
Fighting       | 3 4 5 |  5.0
Axes           | 3 4 5 |  5.8
Armour         | 4 5 6 |  6.8
Dodging        | 1 |  1.9
Shields        | 4 5 |  5.1
Invocations    | 3 |  3.9
Stealth        | |  0.1

Action                   |  1- 3 |  4- 6 |  7- 9 || total
-------------------------+-------+-------+-------++-------
Melee: War axe           |    48 |   124 |   196 ||   368
 Abil: Heal Wounds       |     2 |     4 |    12 ||    18
  Use: Scroll            |     3 |     4 |     3 ||    10
       Potion            |     1 |       |       ||     1
Armor: Scale mail        |    19 |    61 |    15 ||    95
       Chain mail        |       |       |   100 ||   100
Dodge: Dodged            |    15 |    41 |    64 ||   120
Block: Kite shield       |    23 |    93 |   140 ||   256
